 Dungeon Crawl Stone Soup version 0.32-a0-732-ga344392067 (webtiles) character file.

Game seed: 13095227521617853093

59 jasper the Trooper (level 3, -2/30 HPs)
             Began as a Demonspawn Shapeshifter on Mar 16, 2024.
             Slain by a gnoll
             ... wielding a +0 halberd
              (5 damage)
             ... on level 2 of the Dungeon.
             The game lasted 00:02:03 (1350 turns).

jasper the Trooper (Demonspawn Shapeshifter)        Turns: 1350, Time: 00:02:03

Health: -2/30      AC:  5    Str: 14    XL:     3   Next: 78%
Magic:  3/3        EV: 10    Int: 10    God:
Gold:   16         SH:  4    Dex: 14    Spells: 2/2 levels left

rFire   . . .        b - +2 dagger (venom)
rCold   . . .        (no shield)
rNeg    . . .        g - +0 ring mail
rPois   .            (helmet currently unavailable)
rElec   .            (cloak currently unavailable)
rCorr   .            (gloves currently unavailable)
SInv    .            (boots currently unavailable)
Will    .....        (no amulet)
Stlth   +            (no ring)
HPRegen 0.25/turn    (no ring)
MPRegen 0.08/turn

%: no passive effects
@: about to teleport, beast-form
A: beast (slay +1), claws 1, condensation shield
a: Begin Untransformation


You were on level 2 of the Dungeon.
You were a hulking beast.
You visited 1 branch of the dungeon, and saw 2 of its levels.

You collected 56 gold pieces.
You spent 40 gold pieces at shops.

Inventory:

Hand Weapons
 b - a +2 dagger of venom (weapon)
Missiles
 h - 4 stones (quivered)
 j - 6 boomerangs
Armour
 a - a +0 animal skin
 g - a +0 ring mail (worn)
Talismans
 c - a beast talisman (active)
 d - a flux talisman
Scrolls
 f - 2 scrolls of identify
 i - a scroll of fog


   Skills:
 + Level 3.7 Fighting
 - Level 1.7 Dodging
 - Level 2.6 Unarmed Combat
 - Level 2.6 Shapeshifting


You had 2 spell levels left.
You didn't know any spells.
Your spell library contained the following spells:

 Spells                   Type           Power      Damage    Failure   Level
 Kiss of Death            Conj/Necr      0%         2d5       61%         1
 Confusing Touch          Hex            0%         N/A       93%         3
 Dispel Undead            Necr           0%         3d6       100%        4


Dungeon Overview and Level Annotations

Branches:
Dungeon (2/15)

Altars:

Shops:
D:2 *


Innate Abilities, Weirdness & Mutations

You are a hulking beast.
Your limbs bulge with bestial killing power. (Slay +1)
You have sharp fingernails.
A meltable shield of frost defends you. (SH +4)


Message History

The gnoll barely misses you. The gnoll hits you with a +0 flail.
You take 5 damage, and have 18/29 hp.
A gnoll comes into view. It is wielding a +0 halberd.
The gnoll shouts!
You block the gnoll's attack.
You kill the gnoll!
The gnoll barely misses you. The gnoll attacks as it pursues you!
You block the gnoll's attack.
Found a yellow potion.
You kill the gnoll!
The gnoll attacks as it pursues you! The gnoll closely misses you.
The gnoll throws a throwing net.
The throwing net hits you.
You become entangled in the net!
A jackal comes into view.
You see here a throwing net.
You struggle against the net.
The gnoll hits you but does no damage.
You struggle against the net.
The gnoll barely misses you.
You struggle against the net.
The gnoll hits you from afar with a +0 halberd!
You take 10 damage, and have 11/30 hp.
MASSIVE DAMAGE!!
You aren't carrying any potions.
As you read the scroll labelled REUZAPN MUIT, it crumbles to dust.
It is a scroll of identify.
e - a scroll of teleportation The jackal bites you but does no damage.
The gnoll barely misses you.
As you read the scroll of teleportation, it crumbles to dust.
You feel strangely unstable. The jackal barely misses you.
The gnoll closely misses you.
The jackal bites you but does no damage.
A jackal comes into view.
The gnoll hits you from afar with a +0 halberd!
* * * LOW HITPOINT WARNING * * *
You take 9 damage, and have 3/30 hp.
MASSIVE DAMAGE!!
You rip the net and break free!
The jackal barks!
The gnoll closely misses you.
The jackal bites you but does no damage.
The gnoll hits you from afar with a +0 halberd.
You die...

#...# ###.### #...# #....)##
##.#######...### #.###..#
...............###.###♣.#
......†.).......##.#♣.∩.♣
.#.###.###)......#....♣##
... #!.g.g........######
....# #...................
#..........#.h.#####..#####.
##...####.###h## #)†# ##.
#.# #.# #..# #. #.# #.# #..#
#.# #h# #..# #!. #.<# ###
#..# #...# #..##


You could see 2 gnolls and 2 jackals.

Vanquished Creatures
  2 gnolls (D:2)
  3 giant cockroaches (D:1)
  5 goblins
  4 hobgoblins
  6 jackals (D:1)
  A quokka (D:1)
  4 ball pythons
  3 bats (D:1)
  A kobold (D:1)
  8 rats
37 creatures vanquished.

Notes
Turn   | Place    | Note
-------+----------+-------------------------------------------
     0 | D:1      | jasper the Demonspawn Shapeshifter began the quest for the
                  | Orb.
     0 | D:1      | Reached XP level 1. HP: 15/15 MP: 1/1
   125 | D:1      | Reached skill level 2 in Fighting
   129 | D:1      | Gained mutation: A meltable shield of frost defends you.
                  | (SH +4) [demonic ancestry]
   129 | D:1      | Reached XP level 2. HP: 11/22 MP: 2/2
   724 | D:1      | Reached skill level 3 in Fighting
   748 | D:1      | Gained mutation: You have sharp fingernails. [demonic
                  | ancestry]
   748 | D:1      | Reached XP level 3. HP: 29/29 MP: 3/3
  1288 | D:2      | Found Tavoity's General Store.
  1306 | D:2      | Bought a scroll of fog for 40 gold pieces
  1350 | D:2      | Slain by a gnoll

Illustrated notes

Levels and vault maps discovered:
D:1:      mrwooster_arrival_statue, layout_basic, chequers_hall_statues_y,
          minmay_misc_feat_encased, chequers_serial_rivers_micro_d,
          kennysheep_boxes
D:2:      layout_loops_ring, serial_shops, nicolae_shop_trees, uniq_sigmund

Skill      XL: |  1  2 |
---------------+-------+-----
Fighting       | 2 3 |  3.7
Dodging        | |  1.7
Unarmed Combat | |  2.6
Shapeshifting  | |  2.6

Action                     || total
---------------------------++-------
  Melee: Unarmed           ||    52
         Dagger            ||    43
    Use: Potion            ||     1
         Scroll            ||     2
   Stab: Sleeping          ||     1
 Armour: Animal skin       ||    32
         Ring mail         ||    31
         Skin              ||     1
  Dodge: Dodged            ||    55
  Block: Other             ||    21

Table legend: (Time is in decaauts)
 A = Elapsed time spent in this place.
 B = Non-inter-level travel time spent in this place.
 C = Inter-level travel time spent in this place.
 D = Time resting spent in this place.
 E = Time spent auto-exploring this place.
 F = Levels seen in this place.
 G = Mean time per level.
                   A        B        C        D        E       F      G
               +--------+--------+--------+--------+--------+-----+--------+
         Total |   1375 |   1316 |     59 |     67 |    954 |   2 |  687.5 |
       Dungeon |   1375 |   1316 |     59 |     67 |    954 |   2 |  687.5 |
               +--------+--------+--------+--------+--------+-----+--------+

Top non-repeatable levels by time:
     D:1: 1311 daAuts
     D:2: 63 daAuts
